 Dungeon Crawl Stone Soup version 0.31-a0-175-g9f7f995f2b (webtiles) character file.

Game seed: 12226133484719347958

128 qw the Shooter (level 5, -2/32 HPs)
             Began as a Gargoyle Hunter on June 16, 2023.
             Was an Initiate of Okawaru.
             Slain by a scorpion (3 damage)
             ... on level 6 of the Dungeon.
             The game lasted 00:00:55 (2543 turns).

qw the Shooter (Gargoyle Hunter)                    Turns: 2543, Time: 00:00:55

Health: -2/32      AC:  9    Str: 15    XL:     5   Next: 12%
Magic:  5/5        EV: 11    Int:  9    God:    Okawaru [......]
Gold:   909        SH:  0    Dex: 15    Spells: 4/4 levels left

rFire   . . .        Y - +1 shortbow
rCold   . . .        (shield currently unavailable)
rNeg    + . .        d - +0 ring mail
rPois   inf          (no helmet)
rElec   +            (no cloak)
rCorr   .            (no gloves)
SInv    .            (no boots)
Will    .....        a - amulet of the acrobat
Stlth   +            (no ring)
HPRegen 0.25/turn    (no ring)
MPRegen 0.09/turn

%: acrobat
@: about to teleport
A: sickness immunity, AC +4, negative energy resistance 1, electricity
resistance, torment resistance 1, petrification resistance
a: Renounce Religion


You were on level 6 of the Dungeon.
You worshipped Okawaru.
Okawaru was noncommittal.
You visited 1 branch of the dungeon, and saw 5 of its levels.

You collected 1459 gold pieces.
You spent 550 gold pieces at shops.


Innate Abilities, Weirdness & Mutations

You are immune to sickness and miasma.
Your stone body is resilient. (AC +4)
You are immune to poison.
You resist negative energy. (rN+)
You are resistant to electric shocks. (rElec)
You are resistant to unholy torment.
You are immune to petrification.


   Skills:
 - Level 3.4 Fighting
 + Level 5.5 Ranged Weapons
 - Level 1.2 Armour
 - Level 1.5 Dodging
 - Level 1.1 Stealth


You had 4 spell levels left.
You didn't know any spells.
Your spell library was empty.

Inventory:

Hand Weapons
 Y - a +1 shortbow (weapon)
Armour
 d - a +0 ring mail (worn)
Jewellery
 a - an amulet of the acrobat (around neck)
Scrolls
 c - a scroll of amnesia {unknown}
 e - a scroll of identify
Potions
 b - 3 potions of heal wounds
 f - a potion of resistance
 g - a potion of ambrosia {unknown}
 h - a potion of haste {unknown}
 i - 5 potions of curing
 j - a potion of cancellation
 k - a potion of magic
 l - a potion of might
 m - a potion of mutation
 p - a potion of attraction {unknown}

Dungeon Overview and Level Annotations

Branches:
Dungeon (4/15)
 Temple: D:4-7

Altars:
Dithmenos
Gozag
Kikubaaqudgha
Okawaru
Sif Muna


Message History

The shaft crumbles and collapses.
A hound and an electric eel come into view.
The hound barks!
The electric eel shoots out a bolt of lightning at you!
The bolt of electricity misses you.
Waypoint 4 assigned to D:6.
You shoot an arrow. The arrow closely misses the hound.
A scorpion comes into view.
The electric eel shoots out a bolt of lightning at you!
The bolt of electricity hits you. You resist.
You shoot an arrow. The arrow closely misses the hound.
The electric eel shoots out a bolt of lightning at you!
The bolt of electricity hits you. You resist.
You shoot an arrow. The arrow hits the hound.
The hound is lightly wounded.
The electric eel shoots out a bolt of lightning at you!
The bolt of electricity hits you. You resist. The hound misses you.
You shoot an arrow. The arrow barely misses the hound.
The hound bites you but does no damage. The hound bites you.
You shoot an arrow. The arrow closely misses the hound.
The hound bites you but does no damage. The scorpion stings you.
The hound bites you.
You shoot an arrow. The arrow misses the hound.
The scorpion stings you. The hound bites you but does no damage.
The scorpion stings you but does no damage.
You shoot an arrow. The arrow hits the hound!
The hound is heavily wounded.
The hound bites you but does no damage. The hound bites you.
The scorpion stings you.
You shoot an arrow. The arrow barely misses the hound.
The hound bites you.
The scorpion stings you but does no damage.
The hound closely misses you. The scorpion stings you.
2543 ||| READING scroll of teleportation.
As you read the scroll of teleportation, it crumbles to dust.
You feel strangely unstable. The hound bites you but does no damage.
A jelly comes into view.
The scorpion stings you.
You die...

#### ##..#
#...#
#.@##
#.hs#
#.....
#......~
##.....~P~
.....77~~
....7S ~
...J77~


You could see a scorpion, a hound, a jelly (wandering) and an electric eel.

Vanquished Creatures
  An orc wizard (D:3)
  5 adders (D:3)
  A worm (D:4)
  A dart slug (D:1)
  5 orcs (D:3)
  4 ball pythons
  2 endoplasms
  3 giant cockroaches (D:3)
  2 goblins
  6 hobgoblins
  4 jackals (D:1)
  4 kobolds
  4 bats
  2 frilled lizards
  5 rats
49 creatures vanquished.

Notes
Turn   | Place    | Note
-------+----------+-------------------------------------------
     0 | D:1      | qw the Gargoyle Hunter began the quest for the Orb.
     0 | D:1      | Reached XP level 1. HP: 12/12 MP: 1/1
     0 | D:1      | 0 ||| qw: Version: 0.2-a-29-g511e9b1
     0 | D:1      | 0 ||| qw: Game counter: 5790
     0 | D:1      | 0 ||| qw: Always use a shield: true
     0 | D:1      | 0 ||| qw: God list: Okawaru
     0 | D:1      | 0 ||| qw: Allow faded altars: false
     0 | D:1      | 0 ||| qw: Do Orc after D:15 true
     0 | D:1      | 0 ||| qw: Do second Lair branch before Depths: true
     0 | D:1      | 0 ||| qw: Lair rune preference: random
     0 | D:1      | 0 ||| qw: Plans: Normal, Zot:1-4, Slime:5, God:TSO, Crypt,
                  | Tomb, Abyss, Pan, Hells, Win
     0 | D:1      | 0 ||| PLANNING D:1-11
   182 | D:1      | Reached XP level 2. HP: 13/17 MP: 2/2
   991 | D:1      | 991 ||| READING scroll labelled RAIMAI VUTSUBI.
   992 | D:1      | 992 ||| READING 3 scrolls labelled BUEBBE IHETH.
   993 | D:1      | 993 ||| READING 2 scrolls of identify.
   993 | D:1      | 993 ||| IDENTIFYING red potion
   994 | D:1      | 994 ||| DROPPING scroll of butterflies.
  1123 | D:2      | Reached XP level 3. HP: 21/21 MP: 3/3
  1152 | D:2      | Reached skill level 5 in Ranged Weapons
  1169 | D:2      | Found an iron altar of Okawaru.
  1170 | D:2      | 1170 ||| PLANNING OKAWARU WORSHIP
  1170 | D:2      | 1170 ||| READING scroll labelled AGIPROR KIMYGI.
  1170 | D:2      | Identified a scroll of acquirement
  1170 | D:2      | 1170 ||| ACQUIRING 1178 gold pieces
  1170 | D:2      | Acquired 1178 gold pieces
  1171 | D:2      | 1171 ||| READING scroll labelled ROIWNUUMIT.
  1174 | D:2      | 1174 ||| READING 2 scrolls labelled QEUN QUNEIPP.
  1175 | D:2      | 1175 ||| DRINKING 2 murky clear potions.
  1280 | D:2      | 1280 ||| DROPPING potion of berserk rage.
  1281 | D:2      | 1281 ||| DROPPING scroll of blinking.
  1298 | D:2      | Became a worshipper of Warmaster Okawaru
  1299 | D:2      | 1299 ||| PLANNING D:1-11
  1411 | D:2      | Found Ivaplauso's Distillery.
  1421 | D:2      | 1421 ||| BUYING 2 potions of curing (66 gold).
  1421 | D:2      | Bought 2 potions of curing for 66 gold pieces
  1421 | D:2      | 1421 ||| BUYING potion of cancellation (88 gold).
  1421 | D:2      | Bought a potion of cancellation for 88 gold pieces
  1421 | D:2      | 1421 ||| BUYING potion of curing (33 gold).
  1421 | D:2      | Bought a potion of curing for 33 gold pieces
  1421 | D:2      | 1421 ||| BUYING potion of curing (33 gold).
  1421 | D:2      | Bought a potion of curing for 33 gold pieces
  1421 | D:2      | 1421 ||| BUYING potion of heal wounds (55 gold).
  1421 | D:2      | Bought a potion of heal wounds for 55 gold pieces
  1421 | D:2      | 1421 ||| BUYING potion of heal wounds (55 gold).
  1421 | D:2      | Bought a potion of heal wounds for 55 gold pieces
  1421 | D:2      | 1421 ||| BUYING potion of magic (88 gold).
  1421 | D:2      | Bought a potion of magic for 88 gold pieces
  1421 | D:2      | 1421 ||| BUYING potion of might (44 gold).
  1421 | D:2      | Bought a potion of might for 44 gold pieces
  1421 | D:2      | 1421 ||| BUYING potion of mutation (88 gold).
  1421 | D:2      | Bought a potion of mutation for 88 gold pieces
  1517 | D:2      | 1517 ||| UPGRADING to +0 ring mail.
  1527 | D:2      | 1527 ||| DROPPING +0 leather armour.
  1528 | D:2      | 1528 ||| READING scroll labelled XAYFAU IRHIEW.
  1529 | D:2      | 1529 ||| READING scroll labelled BUCITY UQANA.
  1574 | D:3      | Found a shadowy altar of Dithmenos.
  1580 | D:3      | Reached skill level 1 in Armour
  1583 | D:3      | Found a shimmering blue altar of Sif Muna.
  1584 | D:3      | 1584 ||| UPGRADING to amulet of the acrobat.
  1614 | D:3      | Reached XP level 4. HP: 25/27 MP: 4/4
  1643 | D:3      | HP: 3/27 [something (4)]
  1650 | D:3      | HP: 2/27 [something (1)]
  1652 | D:3      | Reached skill level 3 in Fighting
  1909 | D:3      | Found an opulent altar of Gozag.
  1917 | D:3      | Found an ancient bone altar of Kikubaaqudgha.
  2000 | D:3      | Found a faded altar of an unknown god.
  2105 | D:3      | Reached XP level 5. HP: 32/32 MP: 5/5
  2255 | D:3      | 2255 ||| READING scroll labelled UPAZICVAVI.
  2256 | D:3      | 2256 ||| READING scroll labelled HOEMESS FUTITS.
  2296 | D:3      | 2296 ||| Stepping randomly (stuck).
  2317 | D:4      | 2317 ||| STAIRDANCE
  2532 | D:4      | You fall into a shaft and drop 2 floors!
  2542 | D:6      | HP: 7/32 [hound (5)]
  2542 | D:6      | HP: 1/32 [scorpion (6)]
  2543 | D:6      | 2543 ||| READING scroll of teleportation.
  2543 | D:6      | Slain by a scorpion

Levels and vault maps discovered:
D:1:      wander_arrival_estate, layout_basic, chequers_serial_rivers_micro_a,
          roderic_lattice_a, corexii_leaking_fountain
D:2:      layout_rooms, serial_shops, nicolae_square_shop, basic_altar,
          minmay_pentomino_p4
D:3:      layout_basic, nicolae_kikubaaqudgha_miasma_corner,
          mainiacjoe_overflow_cross_hatched, jmf_multi_god_temple,
          nicolae_ecumenical_oubliette, serial_bayou_ford_a
D:4:      layout_loops_corners, minmay_temple_entry_glass, serial_shops, shop,
          uniq_natasha
D:6:      layout_cave_pools, fedhas_altar_2, serial_bayou, serial_bayou_shore_b,
          serial_bayou_lake_a, serial_bayou_shore_a, serial_bayou_pond_d

Skill      XL: |  1  2  3  4 |
---------------+-------------+-----
Ranged Weapons | 5 |  5.5
Armour         | 1 |  1.2
Fighting       | 3 |  3.4
Dodging        | |  1.5
Stealth        | |  1.1

Action                     |  1- 3 |  4- 6 || total
---------------------------+-------+-------++-------
   Fire: Shortbow          |    90 |   104 ||   194
    Use: Scroll            |     8 |     3 ||    11
         Potion            |     1 |       ||     1
 Armour: Leather armour    |    14 |       ||    14
         Ring mail         |     3 |    41 ||    44
  Dodge: Dodged            |    34 |    41 ||    75

Table legend:
 A = Non-vault XP
 B = Vault XP
 C = Vault XP percentage of total XP
 D = Non-vault monster count
 E = Vault monster count
 F = Vault count percentage of total count
                 A         B        C        D         E       F
            +---------+---------+-------+---------+---------+-------
      Total |     166 |      18 |   9.8 |      45 |       4 |   8.2
            +---------+---------+-------+---------+---------+-------
        D:1 |      28 |       0 |   0.0 |      15 |       0 |   0.0
        D:2 |      16 |       3 |  15.8 |       9 |       2 |  18.2
        D:3 |     117 |      15 |  11.4 |      20 |       2 |   9.1
        D:4 |       5 |       0 |   0.0 |       1 |       0 |   0.0
            +---------+---------+-------+---------+---------+-------
